 Dungeon Crawl Stone Soup version 0.29-a0-753-gb7bb9d756e (console) character file.

Game seed: 15296905041417679697

28 Banquo the Chopper (level 3, -6/26 HPs)
             Began as an Octopode Fighter on June 30, 2022.
             Mangled by a gnoll
             ... wielding a +0 spear
              (8 damage)
             ... on level 2 of the Dungeon.
             The game lasted 00:01:42 (1231 turns).

Banquo the Chopper (Octopode Fighter)               Turns: 1231, Time: 00:01:43

Health: -6/26      AC:  1    Str: 17    XL:     3   Next: 14%
Magic:  3/3        EV: 13    Int: 10    God:
Gold:   42         SH:  4    Dex: 11    Spells: 2/2 levels left

rFire   + . .      SeeInvis .   a - +0 war axe
rCold   + . .      Faith    .   b - +0 buckler
rNeg    . . .      Spirit   .   (helmet restricted)
rPois   +          Reflect  .   (no amulet)
rElec   +          Harm     .   (no ring)
rCorr   +          Rampage  .   (no ring)
Will    .....                   (no ring)
Stlth   ++........              (no ring)
HPRegen 0.08/turn               (no ring)
MPRegen 0.08/turn               (no ring)
                                (no ring)
                                (no ring)

@: brilliant, lethally poisoned (-6 -> -8), resistant
A: almost no armour, amphibious, 8 rings, camouflage 1, gelatinous body 1,
(nimble swimmer 1), tentacles
a: no special abilities


You were on level 2 of the Dungeon.
You visited 1 branch of the dungeon, and saw 2 of its levels.

You collected 42 gold pieces.

Inventory:

Hand Weapons
 a - a +0 war axe (weapon)
Missiles
 g - 26 stones (quivered)
Armour
 b - a +0 buckler (worn)
Scrolls
 d - a scroll of brand weapon {unknown}
 f - 3 scrolls of identify {unknown}
 i - a scroll of enchant armour {unknown}
Potions
 c - a potion of might
 h - a potion of brilliance


   Skills:
 - Level 3.0 Fighting
 + Level 3.5 Axes
 - Level 3.0 Dodging
 - Level 3.0 Shields


You had 2 spell levels left.
You didn't know any spells.
Your spell library was empty.

Dungeon Overview and Level Annotations

Branches:
Dungeon (2/15)

Altars:


Innate Abilities, Weirdness & Mutations

You cannot wear most types of armour.
You are amphibious.
You can wear up to eight rings at the same time.
Your skin changes colour to match your surroundings (Stealth+).
Your rubbery body absorbs attacks. (AC +1, EV +1)
((You are camouflaged when in or above water. (Stealth+)))
You have tentacles for arms and can constrict up to eight enemies at once.


Message History

f - 3 scrolls labelled SUHINN UWUHIC (gained 1)
A gnoll comes into view. It is wielding a +0 club.
A gnoll comes into view. It is wielding a +1 whip of venom.
A gnoll comes into view. It is wielding a +0 spear.
The helpless gnoll fails to defend itself.
You hit the gnoll but do no damage. You grab the gnoll.
The helpless gnoll fails to defend itself.
You slash the gnoll! You constrict the gnoll. The gnoll closely misses you.
The gnoll hits you with a +1 whip of venom.
You hit the gnoll but do no damage. You grab the gnoll.
The gnoll is heavily wounded.
You hit the gnoll but do no damage. You constrict the gnoll. x2
The gnoll closely misses you.
The gnoll hits you with a +1 whip of venom.
You are poisoned.
You hit the gnoll.
You kill the gnoll!
You hit the gnoll.
You constrict the gnoll, but do no damage.
You feel sick. The gnoll hits you with a +0 club.
* * * LOW HITPOINT WARNING * * *
You block the gnoll's attack.
You have reached level 3!
Your experience leads to an increase in your attributes!
Increase (S)trength, (I)ntelligence, or (D)exterity?
You feel stronger. x2
You are seriously poisoned (6 -> 2).
You have 3 tentacles available for constriction.
You are constricting a gnoll.
Your movement speed is average.
Your attack delay is about 1.3.
Unknown command.
Unknown command.
It was a potion of brilliance.
You feel clever all of a sudden.
You constrict the gnoll.
You feel sick. The gnoll misses you.
It was a potion of resistance.
You feel protected.
You constrict the gnoll.
You feel sick. The gnoll hits you with a +0 club.
* * * LOW HITPOINT WARNING * * *
The gnoll hits you from afar with a +0 spear!
You die...

### #.#######
#g)g....# #@###.# ..
#.##..# .. #.##..#
###.####.##..#
.............#
######..##.##..######
......(.......†......>
.$.....##..##.####.##
#.......##...


You could see 2 gnolls.

Vanquished Creatures
  A gnoll (D:2)
  A worm (D:2)
  A ball python (D:1)
  2 endoplasms (D:1)
  2 giant cockroaches (D:1)
  2 goblins (D:1)
  A hobgoblin (D:1)
  A quokka (D:1)
  3 kobolds (D:1)
14 creatures vanquished.

Notes
Turn   | Place    | Note
-------+----------+-------------------------------------------
     0 | D:1      | Banquo the Octopode Fighter began the quest for the Orb.
     0 | D:1      | Reached XP level 1. HP: 16/16 MP: 1/1
   478 | D:1      | Reached XP level 2. HP: 17/21 MP: 2/2
  1230 | D:2      | Reached XP level 3. HP: 6/26 MP: 3/3
  1231 | D:2      | Mangled by a gnoll

Illustrated notes

Levels and vault maps discovered:
D:1:      nicolae_arrival_washed_ashore, layout_basic, minmay_tetromino_s2
D:2:      layout_basic, serial_shops, nicolae_shop_waterfront,
          minmay_worlds_worst_comb

Skill      XL: |  1  2 |
---------------+-------+-----
Axes           | 3 |  3.5
Fighting       | |  3.0
Dodging        | |  3.0
Shields        | |  3.0

Action                   || total
-------------------------++-------
Melee: War axe           ||    27
       Constrict         ||     7
       Tentacles         ||     1
  Use: Potion            ||     2
 Stab: Sleeping          ||     4
Armor: Skin              ||     2
Dodge: Dodged            ||    15
Block: Buckler           ||     5

Table legend: (Time is in decaauts)
 A = Elapsed time spent in this place.
 B = Non-inter-level travel time spent in this place.
 C = Inter-level travel time spent in this place.
 D = Time resting spent in this place.
 E = Time spent auto-exploring this place.
 F = Levels seen in this place.
 G = Mean time per level.
                   A        B        C        D        E       F      G
               +--------+--------+--------+--------+--------+-----+--------+
         Total |   1241 |   1163 |     78 |      0 |   1043 |   2 |  620.5 |
       Dungeon |   1241 |   1163 |     78 |      0 |   1043 |   2 |  620.5 |
               +--------+--------+--------+--------+--------+-----+--------+

Top non-repeatable levels by time:
     D:1: 1205 daAuts
     D:2: 36 daAuts
